[Event "Early-Titled-Tuesday-Blitz-March-26-2024"]
[Site "Chess.com"]
[Date "2024.03.26"]
[Round "10"]
[White "mertfelin"]
[Black "Tol_Tol"]
[Result "1-0"]
[WhiteElo "2403"]
[BlackElo "2329"]
[TimeControl "180+1"]
[EndTime "9:53:16 PDT"]
[Termination "mertfelin won on time"]

1. e4 c5 2. Nf3 Nc6 3. d4 cxd4 4.
Nxd4 Nf6 5. Nc3 e5 6. Ndb5 d6 7. Bg5 a6 8. Na3 b5 9. Nab1 Be6 10. a4 b4 11. Nd5 Bxd5 12. Bxf6 gxf6 13. Qxd5 Ne7 14.
Qc4 d5 15. Qxb4 Rb8 16. Qd2 dxe4 17. Qxd8+ Kxd8 18. Bxa6 Rxb2 19. Nd2 Rxc2 20. Nxe4 f5 21. Ng5 Kc7 22. O-O f6 23. Nf3 Kb6 24. Bb5 Nd5 25.
Bd3 Rc3 26. a5+ Ka7 27. Bxf5 Bc5 28. Be4 Nf4 29. Rfd1 Rg8 30. Rd7+ Ka6 31. Nh4 Ne2+ 32. Kf1 Nd4 33. Bb7+ Kb5 34. a6 Rc2 35. Rb1+ Kc4 36.
Rc7 Rd8 37. a7 1-0

[Event "Early-Titled-Tuesday-Blitz-March-26-2024"]
[Site "Chess.com"]
[Date "2024.03.26"]
[Round "10"]
[White "sorch29"]
[Black "ketster"]
[Result "0-1"]
[WhiteElo "2469"]
[BlackElo "2586"]
[TimeControl "180+1"]
[EndTime "9:53:18 PDT"]
[Termination "ketster won by resignation"]

1. c4 e5 2. Nc3 Bb4 3. Nd5 Bc5 4. Nf3 Nc6 5. d3 d6 6. g3 Nge7 7. Bg2 Nxd5 8. cxd5 Ne7 9. e4 O-O 10. O-O c6 11. d4 exd4 12. Nxd4 cxd5 13. exd5 Nf5 14. Nb3 Bb6 15. Bd2 a5 16. Bc3 a4 17. Nd4 Nxd4 18. Bxd4 Bxd4 19. Qxd4 Bd7 20. Rfc1 Rc8 21. Bf1 Qa5 22. b4 Qd8 23. h4 h6 24. a3 Re8 25. Bd3 Re5 26. Re1 Qc7 27. Rec1 Qxc1+ 28. Rxc1 Rxc1+ 29. Kg2 b5 30. Qa7 Be8 31. Qd4 Rxd5 32. Qxd5 Bc6 33. Be4 Bxd5 34. Bxd5 Rc3 35. Bc6 Rxa3 36.
Bxb5 Ra1 37. Bc4 a3 38. b5 Rb1 39. Kf3 Rxb5 40. Bxb5 a2 41. Bc4 a1=Q 42. Bd5 Qc3+ 0-1

[Event "Early-Titled-Tuesday-Blitz-March-26-2024"]
[Site "Chess.com"]
[Date "2024.03.26"]
[Round "10"]
[White "TatjanaVasilevich"]
[Black "Charodej1"]
[Result "1-0"]
[WhiteElo "2602"]
[BlackElo "2426"]
[TimeControl "180+1"]
[EndTime "9:53:20 PDT"]
[Termination "TatjanaVasilevich won by checkmate"]

1. d4 Nf6 2. c4 e6 3. Nc3 Bb4 4. e3 O-O 5. a3 Bxc3+ 6. bxc3 d6 7. Bd3 Nc6 8. Ne2 e5 9. O-O Re8 10. f3 Ne7 11. e4 c5 12. Be3 Qc7 13. Qc2 Nd7 14.
f4 exd4 15. cxd4 cxd4 16. Bxd4 Nc5 17. Nc3 a6 18. Rf3 Nxd3 19. Qxd3 Be6 20. Rg3 g6 21. Nd5 Bxd5 22. cxd5 Rac8 23. Rb1 b5 24. Bc3 Qc5+ 25. Kh1 Qc4 26. Bb4 Qc1+ 27. Qd1 Qxf4 28. Rg4 Qe5 29. Be1 f5 30. Bg3 Qf6 31. Rf4 Rc4 32. e5 dxe5 33. Rxc4 bxc4 34. Qa4 Rd8 35. Qxc4 Nxd5 36. Rd1 Qe6 37.
Bh4 Rd7 38. Bg5 Kf7 39. Rc1 Ne7 40. Qb4 Qd6 41. Qb3+ Qd5 42. Qc2 Qd3 43. Qa2+ Qd5 44. Qc2 e4 45. h4 Ng8 46. Qc8 Ne7 47. Qh8 Ke6 48. Qf6# 1-0

[Event "Early-Titled-Tuesday-Blitz-March-26-2024"]
[Site "Chess.com"]
[Date "2024.03.26"]
[Round "10"]
[White "vladgoncharov"]
[Black "amylazy"]
[Result "0-1"]
[WhiteElo "2581"]
[BlackElo "2440"]
[TimeControl "180+1"]
[EndTime "9:53:20 PDT"]
[Termination "amylazy won by resignation"]

1. d4 Nf6 2. c4 g6 3. Nc3 d5 4. cxd5 Nxd5 5. e4 Nxc3 6. bxc3 Bg7 7. Bc4 c5 8. Ne2 O-O 9. O-O Nc6 10. Be3 Na5 11. Bd3 b6 12. f4 cxd4 13. cxd4 Bg4 14. h3 Bxe2 15. Bxe2 Rc8 16. Qa4 Rc3 17. Bf2 Qc7 18.
e5 Nc4 19. Rac1 Nd2 20. Rxc3 Qxc3 21. Rd1 Rc8 22. Qd7 Bh6 23. e6 Bxf4 24. Qxe7 Rf8 25. Bg4 f5 26. Be2 Ne4 27. Qb7 Nxf2 28. Kxf2 Qe3+ 29.
Kf1 Bh2 30. Bc4 Qf4+ 31. Qf3 Qxf3+ 32. gxf3 Re8 33. Bd5 Bd6 34. Ke2 Kg7 35. Rc1 Kf6 36. Rc6 Ke7 37. Kd3 g5 38. a4 h5 39. Rc1 g4 40.
fxg4 hxg4 41. hxg4 fxg4 42. Rh1 g3 43. Rh7+ Kf6 44. Rf7+ Kg5 45. Ke4 Kh4 46. Rd7 g2 47.
Rh7+ Kg3 48. Rg7+ Kf2 49. Kf5 g1=Q 50. Rxg1 Kxg1 51. Bc6 Re7 52. Kf6 Kf2 53. d5 Ke3 54. Bd7 Kd4 55. Bc6 Kc5 56. Kf5 a6 57. Ke4 b5 58. axb5 axb5 59. Kd3 b4 60. Kc2 Ra7 61.
Kb3 Ra3+ 62. Kb2 Rd3 63. Kc2 Rxd5 0-1

[Event "Early-Titled-Tuesday-Blitz-March-26-2024"]
[Site "Chess.com"]
[Date "2024.03.26"]
[Round "10"]
[White "noblerone"]
[Black "cthulhuuu"]
[Result "0-1"]
[WhiteElo "2537"]
[BlackElo "2430"]
[TimeControl "180+1"]
[EndTime "9:53:23 PDT"]
[Termination "cthulhuuu won on time"]

1. d4 Nf6 2. Nf3 g6 3. Bg5 Bg7 4. Nbd2 d5 5. e3 c6 6. Be2 Qb6 7. Nb3 a5 8. a4 Bf5 9. O-O O-O 10. h3 Nbd7 11. c4 Rfe8 12. c5 Qb4 13. Bd3 Ne4 14.
Bxe4 Bxe4 15. Nfd2 Bd3 16. Re1 f6 17. Bh4 e5 18. Nf3 Bf5 19. Nfd2 Kf7 20. Qc1 Bd3 21. Qc3 Bc4 22. Nxc4 dxc4 23. Nd2 exd4 24. exd4 b5 25.
cxb6 Nxb6 26. Ne4 Nd5 27. Qxb4 axb4 28. Nd6+ Kf8 29. Nxe8 Rxe8 30. Rxe8+ Kxe8 31. a5 f5 32. a6 Bxd4 33. a7 Bxa7 34. Rxa7 b3 0-1

[Event "Early-Titled-Tuesday-Blitz-March-26-2024"]
[Site "Chess.com"]
[Date "2024.03.26"]
[Round "10"]
[White "AsaHoffmann"]
[Black "Likvidator228"]
[Result "1/2-1/2"]
[WhiteElo "2425"]
[BlackElo "2575"]
[TimeControl "180+1"]
[EndTime "9:53:25 PDT"]
[Termination "Game drawn by repetition"]

1. d4 f5 2. Nc3 Nf6 3. Bg5 d5 4.
f3 e6 5. e4 Be7 6. exf5 exf5 7.
Bd3 O-O 8. Nge2 h6 9. Bh4 c5 10.
dxc5 Bxc5 11. Qd2 Nc6 12. O-O-O Nb4 13. Kb1 Nxd3 14. Qxd3 g5 15. Bg3 Be6 16. Nd4 Bxd4 17. Qxd4 Qd7 18. Be5 Nh5 19. h4 g4 20. fxg4 fxg4 21.
Rhf1 Rxf1 22. Rxf1 Rf8 23. Rxf8+ Kxf8 24. g3 a6 25. a3 Kf7 26. Qe3 Kg6 27. Ne2 Bf5 28.
Bf4 Be4 29. Nc3 Bf5 30. Qb6+ Nf6 31. Bxh6 d4 32. Bg5 Be6 33. Ne2 Ne4 34. Nf4+ Kf5 35. Qxe6+ Qxe6 36. Nxe6 Kxe6 37. Bf4 Kf5 38. h5 Nf6 39. h6 Kg6 40. Kc1 Nd5 41. Kd2 Nxf4 42. gxf4 Kxh6 43. Kd3 g3 44. Ke2 Kh5 45. Kf3 Kh4 46.
f5 Kg5 47. Kxg3 Kxf5 48. Kf3 Ke5 49. Kf2 Ke4 50. Ke2 b5 51. b4 Ke5 52. Kd3 Kd5 53. c3 dxc3 54. Kxc3 Ke4 55. Kb3 Kd3 56. a4 Kd4 57. axb5 axb5 58. Kc2 Kc4 59. Kb1 Kc3 60. Kc1 Kb3 61. Kb1 Ka3 62. Kc1 Ka4 63. Kc2 Ka3 64.
Kc1 Kb3 65. Kb1 Kc3 66. Ka2 Kc4 67. Kb1 Kxb4 68. Kb2 Kc4 69. Kc2 Kd4 70. Kb3 Kc5 71. Kc3 b4+ 72. Kb3 Kb5 73. Kb2 Kc4 74. Kc2 Kd4 75.
Kb2 Kc5 76. Kb3 Kb5 77. Kb2 Ka5 78. Kb3 Kb5 1/2-1/2

[Event "Early-Titled-Tuesday-Blitz-March-26-2024"]
[Site "Chess.com"]
[Date "2024.03.26"]
[Round "10"]
[White "vlad10898"]
[Black "1mbl4"]
[Result "1-0"]
[WhiteElo "2871"]
[BlackElo "2596"]
[TimeControl "180+1"]
[EndTime "9:53:26 PDT"]
[Termination "vlad10898 won by resignation"]

1. e4 c5 2. Nc3 Nc6 3. g3 g6 4. Bg2 Bg7 5. d3 d6 6. Be3 Nd4 7. Qd2 h5 8. h3 Nf6 9. Nd1 Rb8 10. c3 Nc6 11. Ne2 b5 12. d4 cxd4 13. cxd4 d5 14. e5 Ne4 15. Qc2 Bb7 16. f3 Nxg3 17. Nxg3 O-O 18. O-O Rc8 19. Qd2 f6 20. f4 f5 21.
Nf2 e6 22. Nd3 Rc7 23. Nc5 Bc8 24. Rfc1 Rff7 25. Rc2 Bf8 26. Rac1 Nb8 27. Nh1 Qe8 28. Nf2 Nd7 29. Nxd7 Rxc2 30. Rxc2 Bxd7 31. Nd3 b4 32. Nc5 Bb5 33. Bf1 Bxf1 34. Kxf1 g5 35. fxg5 f4 36. Bf2 Rf5 37. h4 Qg6 38. Qd3 f3 39.
Nd7 Be7 40. Nf6+ Kf7 41. Rd2 a5 42. Be3 a4 43. Kf2 a3 44. bxa3 bxa3 45. Qb5 Kg7 46. Qe8 Rxf6 47. exf6+ Kh7 48. Qxe7+ 1-0

[Event "Early-Titled-Tuesday-Blitz-March-26-2024"]
[Site "Chess.com"]
[Date "2024.03.26"]
[Round "10"]
[White "MightyGMpretender"]
[Black "Kazmin_Semyon"]
[Result "1-0"]
[WhiteElo "2772"]
[BlackElo "2600"]
[TimeControl "180+1"]
[EndTime "9:53:27 PDT"]
[Termination "MightyGMpretender won by checkmate"]

1. e4 e6 2. Nc3 d5 3. d4 Bb4 4. Ne2 Nf6 5. e5 Nfd7 6. a3 Be7 7. f4 c5 8. Be3 Nc6 9. Qd2 Rb8 10. dxc5 Bxc5 11.
Bxc5 Nxc5 12. Nd4 Bd7 13. Be2 Qb6 14. O-O-O Nxd4 15. Qxd4 O-O 16. h4 Rbc8 17. h5 h6 18. g4 Qa5 19. Qb4 Qxb4 20. axb4 Na4 21. Nxa4 Bxa4 22. Bd3 a6 23. Kd2 Bb5 24. g5 Bxd3 25.
cxd3 Rc6 26. Rc1 Rb6 27. Kc3 Rc8+ 28. Kb3 Rxc1 29. Rxc1 a5 30. Rc8+ Kh7 31. Kc3 Rxb4 32. d4 hxg5 33. fxg5 Rb6 34. Rc7 Kg8 35. Rc8+ Kh7 36.
b3 Rb5 37. Rf8 f5 38. exf6 gxf6 39. Rf7+ Kg8 40. g6 Rb6 41. h6 Rc6+ 42. Kd3 Rc8 43.
Rxf6 Re8 44. Rf7 b6 45. Rb7 e5 46. dxe5 a4 47. bxa4 d4 48. Kxd4 b5 49. axb5 Rd8+ 50. Ke4 Re8 51. b6 Rd8 52. Rc7 Re8 53. b7 Rd8 54.
Rc8 Re8 55. Rxe8# 1-0

[Event "Early-Titled-Tuesday-Blitz-March-26-2024"]
[Site "Chess.com"]
[Date "2024.03.26"]
[Round "10"]
[White "Barmen_EV"]
[Black "daika91"]
[Result "1/2-1/2"]
[WhiteElo "2583"]
[BlackElo "2697"]
[TimeControl "180+1"]
[EndTime "9:53:27 PDT"]
[Termination "Game drawn by repetition"]

1. e4 c5 2. c3 d5 3. exd5 Qxd5 4. d4 Nf6 5. Be3 cxd4 6. cxd4 e5 7. dxe5 Bb4+ 8. Nc3 Qxe5 9. Nf3 Bxc3+ 10. bxc3 Qxc3+ 11. Bd2 Qc7 12. Bb5+ Nc6 13. Qe2+ Be6 14. Nd4 O-O 15. Nxe6 fxe6 16. Qxe6+ Kh8 17. O-O Nd4 18. Qc4 Nxb5 19. Qxb5 Ng4 20. Qh5 Nf6 21. Qh4 Rad8 22. Be3 Nd5 23. Rac1 Qa5 24. Rfd1 Nxe3 25. fxe3 Rxd1+ 26. Rxd1 Qxa2 27. h3 h6 28. Rd7 Qa1+ 29. Kh2 Qe5+ 30.
Kg1 Qxe3+ 31. Kh2 Qe5+ 32. Kg1 b5 33. Qb4 Rc8 34. Qd2 Qc5+ 35. Kh2 Qe5+ 36. Kg1 Qf6 37. Kh2 a6 38. Rd6 Qe5+ 39. Kg1 Re8 40. Rxa6 Qc5+ 41. Kh2 b4 42. Rxh6+ gxh6 43. Qxh6+ Kg8 44. Qg6+ Kf8 45.
Qf6+ Kg8 46. Qg6+ Kf8 47. Qf6+ Kg8 48. Qg6+ 1/2-1/2

[Event "Early-Titled-Tuesday-Blitz-March-26-2024"]
[Site "Chess.com"]
[Date "2024.03.26"]
[Round "10"]
[White "Coach_Istvanovszki"]
[Black "Mysterio47"]
[Result "0-1"]
[WhiteElo "2566"]
[BlackElo "2727"]
[TimeControl "180+1"]
[EndTime "9:53:28 PDT"]
[Termination "Mysterio47 won by resignation"]

1. d4 Nf6 2. Nc3 d5 3. Bf4 c5 4. e3 cxd4 5. exd4 a6 6. Nf3 Nc6 7. Ne5 Bd7 8. g4 e6 9. g5 Ng8 10. h4 Bb4 11. h5 Nxe5 12. Bxe5 Qxg5 13. Rh3 f6 14. Rg3 Qh6 15. Bc7 Rc8 16. a3 Be7 17.
Ba5 Bd6 18. Rg1 Ne7 19. Bb4 Bxb4 20. axb4 O-O 21. Bd3 e5 22. Qd2 Qxd2+ 23. Kxd2 e4 24. Be2 Be6 25. f4 Nf5 26. Nd1 Nxd4 27. Ne3 Nxe2 28.
Kxe2 d4 29. f5 Bf7 30. Ng4 Rxc2+ 31. Kd1 Bb3 32. Ke1 e3 33. h6 Rfc8 34. Nxf6+ Kf7 35.
Nxh7 Rc1+ 36. Ke2 Rxg1 37. Rxg1 Rc2+ 38. Kf3 gxh6 39. f6 Bd5+ 40. Kf4 Rg2 41. Rd1 e2 42.
Re1 d3 43. Rc1 Bc6 44. Ke3 Kg6 45. f7 Kxf7 46. Kd2 Kg7 47. b5 e1=Q+ 48. Kxe1 d2+ 49. Kd1 dxc1=Q+ 50. Kxc1 0-1

[Event "Early-Titled-Tuesday-Blitz-March-26-2024"]
[Site "Chess.com"]
[Date "2024.03.26"]
[Round "10"]
[White "Kotofeyca"]
[Black "Xavier_mompel"]
[Result "1-0"]
[WhiteElo "2498"]
[BlackElo "2363"]
[TimeControl "180+1"]
[EndTime "9:53:28 PDT"]
[Termination "Kotofeyca won on time"]

1. d4 d5 2. c4 e6 3. Nc3 Nf6 4.
cxd5 exd5 5. Bg5 c6 6. Qc2 Be7 7. e3 h6 8. Bh4 O-O 9. Bd3 Re8 10. Nf3 Nbd7 11. O-O Nf8 12. Rab1 a5 13. a3 Bg4 14.
Ne5 Be6 15. b4 axb4 16. axb4 N8d7 17. f4 Nxe5 18. dxe5 Ng4 19. Bxe7 Rxe7 20. Qe2 Nxe3 21. Qxe3 d4 22. Qe4 g6 23. Ne2 Bf5 24. Qf3 Ra3 25. Rfd1 h5 26. h3 h4 27. Nc1 Qb6 28. Qe2 Be6 29.
Qc2 Rc3 30. Qd2 Bd5 31. Kh2 Re8 32. Ne2 Ra3 33. Ra1 Rea8 34. Rxa3 Rxa3 35. f5 Ra2 36.
Qg5 Qc7 37. fxg6 fxg6 38. Qxg6+ Kh8 39. Qh6+ Kg8 40. Qg5+ Qg7 41. Qxg7+ Kxg7 42. Nf4 Kf7 43. Nxd5 cxd5 44. Re1 Ke6 45. Be2 Rb2 46. Bg4+ Ke7 47. e6 Rxb4 48. Rf1 Rb2 49. Rf7+ Ke8 50. Rc7 d3 51. e7 1-0

[Event "Early-Titled-Tuesday-Blitz-March-26-2024"]
[Site "Chess.com"]
[Date "2024.03.26"]
[Round "10"]
[White "Massakru"]
[Black "DCacheiro"]
[Result "0-1"]
[WhiteElo "2352"]
[BlackElo "2498"]
[TimeControl "180+1"]
[EndTime "9:53:28 PDT"]
[Termination "DCacheiro won by resignation"]

1. e4 c5 2. Nf3 d6 3. c3 Nf6 4. h3 Nc6 5. Bd3 d5 6. e5 Nd7 7. Qe2 e6 8. O-O Be7 9. Bc2 O-O 10. d4 h6 11. Qd3 f5 12. exf6 Nxf6 13. Nbd2 c4 14. Qe2 Bd6 15. Ne5 Bxe5 16. dxe5 Nd7 17. f4 Qe8 18. Nf3 Nc5 19. Be3 b6 20. b4 cxb3 21. axb3 a5 22. Qf2 Ba6 23. Rfd1 Ne4 24. Bxe4 dxe4 25. Nd4 Bd3 26. c4 Rb8 27. Nb5 Qd8 28. Qg3 Nb4 29. Rac1 Qe7 30. c5 Bxb5 31. cxb6 Nd3 32. Rc7 Bd7 33. f5 exf5 34. Bxh6 Rxb6 35. Be3 Rc6 36. Ra7 Qxe5 37. Qh4 Rc7 38. Ra6 f4 39. Bb6 Rc6 40. Ra7 Rxb6 41. Rxd7 Rg6 42. Kh1 f3 43. gxf3 Rxf3 44. Qd8+ Rf8 45. Qh4 Nf2+ 0-1

[Event "Early-Titled-Tuesday-Blitz-March-26-2024"]
[Site "Chess.com"]
[Date "2024.03.26"]
[Round "10"]
[White "stratacticos"]
[Black "Aural1011"]
[Result "0-1"]
[WhiteElo "1847"]
[BlackElo "1836"]
[TimeControl "180+1"]
[EndTime "9:53:28 PDT"]
[Termination "Aural1011 won by resignation"]

1. b4 d5 2. Bb2 e6 3. Nf3 Nf6 4. a3 c5 5. b5 Be7 6. e3 O-O 7. Be2 a6 8. a4 axb5 9. axb5 Rxa1 10.
Bxa1 Bd7 11. c4 dxc4 12. Bxc4 Nd5 13. Bxd5 exd5 14. Nc3 d4 15. exd4 cxd4 16. Nxd4 Bf6 17. Nde2 Qa5 18. O-O Rd8 19. Qb3 Be6 20. Qb2 Bc4 21.
Re1 h6 22. h3 Re8 23. d4 Bxd4 24. Qd2 Bf6 25. Ng3 Rxe1+ 26. Qxe1 Bxb5 27. Nh5 Bd4 28. Qc1 Nc6 29. Nxb5 Qxb5 30. Bxd4 Nxd4 31. Qa1 Qxh5 32.
Qxd4 Qb5 33. Qd8+ Kh7 34. Qe7 Qb1+ 35. Kh2 f6 36. h4 b5 37. h5 Qf5 38. Qe2 Qe5+ 39. Qxe5 fxe5 40. Kg3 b4 41. Kf3 b3 42. Ke3 b2 43. Ke4 b1=Q+ 44. Kxe5 Qd3 45. Kf4 Qe2 46.
Kg3 Qxh5 47. f3 Qg5+ 48. Kf2 Qd2+ 49. Kg3 h5 50. Kh3 Kg6 51. g3 Kg5 52. f4+ Kf6 53. g4 Qe3+ 0-1

[Event "Early-Titled-Tuesday-Blitz-March-26-2024"]
[Site "Chess.com"]
[Date "2024.03.26"]
[Round "10"]
[White "FlemingA"]
[Black "yaguigor"]
[Result "0-1"]
[WhiteElo "2449"]
[BlackElo "2585"]
[TimeControl "180+1"]
[EndTime "9:53:29 PDT"]
[Termination "yaguigor won on time"]

1. e4 c5 2. Nf3 e6 3. Qe2 Nc6 4.
c3 e5 5. Na3 g6 6. Nc4 d6 7. g3 Bg7 8. Qd3 Ke7 9. Bg2 f5 10.
Ne3 fxe4 11. Nd5+ Kf8 12. Qxe4 Nf6 13. Nxf6 Qxf6 14. O-O Bf5 15. Qa4 h6 16. Re1 g5 17.
d4 cxd4 18. cxd4 e4 19. Nd2 Qxd4 20. Qa3 Re8 21. Nb3 Qb4 22. Qxb4 Nxb4 23. Rd1 Nd3 24.
Be3 b6 25. Nd4 Bg6 26. Rd2 Kf7 27. Nb5 Be5 28. Nxa7 d5 29. Nc6 Bf6 30. Rb1 Rc8 31. Nd4 Rc4 32. b3 Rcc8 33. Rbd1 Rhd8 34. Nb5 d4 35. Bxd4 Bxd4 36. Nxd4 Rxd4 37. f3 e3 38. Re2 Rc1 39. Rxc1 Nxc1 40. Rxe3 Rd1+ 41. Kf2 Rd2+ 42. Kg1 Rxa2 43. Rc3 Ne2+ 0-1

[Event "Early-Titled-Tuesday-Blitz-March-26-2024"]
[Site "Chess.com"]
[Date "2024.03.26"]
[Round "10"]
[White "LeninGuerra"]
[Black "mary-sanna"]
[Result "1-0"]
[WhiteElo "2671"]
[BlackElo "2219"]
[TimeControl "180+1"]
[EndTime "9:53:29 PDT"]
[Termination "LeninGuerra won on time"]

1. e4 c5 2. Nf3 Nc6 3. d4 cxd4 4. Nxd4 g6 5. Nc3 Bg7 6. Nb3 Nf6 7. Be2 O-O 8. O-O a6 9. a4 b6 10. f4 d6 11. Bf3 Bb7 12. Be3 Qc7 13. Kh1 Nb4 14.
Qd2 Rfd8 15. Qf2 Nd7 16. Rad1 Bxc3 17. bxc3 Qxc3 18. Rd2 b5 19. Bd4 Qc7 20. a5 e5 21.
Bb2 Rac8 22. Rfd1 Nf8 23. fxe5 dxe5 24. Rxd8 Rxd8 25. Rxd8 Qxd8 26. Bxe5 Qg5 27. Bc3 Nc6 28. h4 Qe7 29. Nc5 Bc8 30. e5 Nxe5 31. Ne4 Nfd7 32.
h5 f6 33. hxg6 hxg6 34. Be2 Kg7 35. Qg3 Nc5 36. Nxf6 Kxf6 37. Qf4+ Kg7 38. Bxe5+ Kg8 39. Bf3 Nd7 40. Bd5+ Kh7 41. Qh2+ 1-0

[Event "Early-Titled-Tuesday-Blitz-March-26-2024"]
[Site "Chess.com"]
[Date "2024.03.26"]
[Round "10"]
[White "CSB7"]
[Black "nabukatnezarr"]
[Result "1-0"]
[WhiteElo "2770"]
[BlackElo "2594"]
[TimeControl "180+1"]
[EndTime "9:53:30 PDT"]
[Termination "CSB7 won on time"]

1. Nf3 Nf6 2. c4 e6 3. g3 b6 4. Bg2 Bb7 5. O-O Be7 6. Nc3 O-O 7. d4 Ne4 8. Bd2 f5 9. Ne5 Nxc3 10. Bxc3 Bxg2 11.
Kxg2 Qc8 12. e3 d6 13. Nd3 Nd7 14. Nf4 Nf6 15. d5 e5 16. Ne6 Rf7 17. f3 Nd7 18. e4 Nf8 19. exf5 Rxf5 20. Nxf8 Qxf8 21. Qd3 Qf7 22. b4 Rf8 23. a4 h5 24. Rf2 h4 25.
Raf1 Qg6 26. Qe4 Qh6 27. Bd2 Qh7 28. b5 g6 29. a5 hxg3 30. hxg3 Rh5 31. Rg1 Rh2+ 32.
Kf1 Qh3+ 33. Ke2 Kg7 34. Be3 Rh8 35. axb6 axb6 36. g4 Ra8 37. Rd1 Rxf2+ 38. Bxf2 Qg2 39. Qc2 Bg5 40. Rf1 Bf4 41. Rg1 1-0

[Event "Early-Titled-Tuesday-Blitz-March-26-2024"]
[Site "Chess.com"]
[Date "2024.03.26"]
[Round "10"]
[White "SashaKuzhilniy"]
[Black "Elegance_Riks"]
[Result "1-0"]
[WhiteElo "2641"]
[BlackElo "2776"]
[TimeControl "180+1"]
[EndTime "9:53:31 PDT"]
[Termination "SashaKuzhilniy won by resignation"]

1. e4 e6 2. d4 d5 3. exd5 exd5 4.
Nf3 Nf6 5. Bd3 Bd6 6. Qe2+ Be6 7. Ng5 Qe7 8. Nxe6 fxe6 9. c3 Nbd7 10. f4 O-O 11. O-O c5 12. dxc5 Nxc5 13. Bc2 Nce4 14.
Nd2 e5 15. Nxe4 dxe4 16. f5 Bc5+ 17. Kh1 e3 18. Bxe3 Bxe3 19. Qxe3 Kh8 20. Rae1 e4 21. Bb3 Qe5 22. Be6 b6 23. Qf4 Qxf4 24. Rxf4 Rad8 25.
Rf2 Rd6 26. Kg1 Rfd8 27. h3 Rd2 28. g4 h6 29. Kf1 R2d3 30. Kg2 Rd2 31. Bc4 Rc8 32.
Rxd2 Rxc4 33. Rd6 Kg8 34. Re6 Rc5 35. Rxf6 gxf6 36. Rxe4 Kf7 37. Kf3 h5 38. Ke3 hxg4 39.
hxg4 Rd5 40. Rd4 Re5+ 41. Kd3 Re7 42. Kc4 Kg7 43. a4 Kh6 44. Kb5 Re5+ 45. Kc6 Ra5 46. Kb7 Kg5 47. b3 Kh4 48. c4 Re5 49. Kxa7 Re3 50.
b4 Ra3 51. Kxb6 Rxa4 52. b5 Ra1 53. Kc6 Rc1 54. b6 Kg3 55. c5 Kf3 56. Rb4 1-0

[Event "Early-Titled-Tuesday-Blitz-March-26-2024"]
[Site "Chess.com"]
[Date "2024.03.26"]
[Round "10"]
[White "newyorkmouse"]
[Black "bazar-wokzal"]
[Result "1-0"]
[WhiteElo "2700"]
[BlackElo "2575"]
[TimeControl "180+1"]
[EndTime "9:53:31 PDT"]
[Termination "newyorkmouse won on time"]

1. Nf3 c5 2. b3 Nc6 3. Bb2 d5 4. e3 a6 5. c4 d4 6. exd4 cxd4 7.
d3 e5 8. g3 f5 9. Bg2 Nf6 10.
O-O Bd6 11. Na3 O-O 12. Re1 Re8 13. Rc1 Nb4 14. c5 Bc7 15. Nc4 e4 16. dxe4 Nxe4 17.
a3 Na2 18. Ra1 Nac3 19. Qxd4 Qxd4 20. Nxd4 Bd7 21. f3 Nxc5 22. Bxc3 b5 23. Nd2 Bb6 24. Kh1 Nd3 25. Rxe8+ Rxe8 26. Bf1 Re3 27. Kg2 Ne1+ 28.
Rxe1 Rxe1 29. Nc4 Bxd4 30. Bxe1 bxc4 31. Bxc4+ Kf8 32. Bxa6 g5 33. a4 Bc6 34. a5 g4 35.
Be2 Ke7 36. b4 Kd6 37. Bf2 Bc3 38. Bc5+ Kc7 39. Kf2 h5 40. fxg4 hxg4 41. Bd3 Bd7 42. a6 Be5 43. a7 Kb7 44. Bc4 Bc6 45. b5 Be4 46. b6 f4 47. gxf4 Bxf4 48. Kg1 g3 49. h4 Ka8 50. Bf1 Kb7 51. Bg2 Bxg2 52. Kxg2 Ka8 53. Bg1 Kb7 54. Kf3 Be5 55. h5 Ka8 56. h6 Kb7 57. h7 Ka8 58. Kg4 Kb7 59. Kf5 Bh8 60. Kf4 g2 61. Kf3 1-0

[Event "Early-Titled-Tuesday-Blitz-March-26-2024"]
[Site "Chess.com"]
[Date "2024.03.26"]
[Round "10"]
[White "Iball95"]
[Black "RandomNoob04"]
[Result "1-0"]
[WhiteElo "2882"]
[BlackElo "2670"]
[TimeControl "180+1"]
[EndTime "9:53:33 PDT"]
[Termination "Iball95 won by resignation"]

1. e4 d5 2. exd5 Qxd5 3. Nc3 Qa5 4. d4 Nf6 5. Nf3 Bf5 6. Bc4 e6 7. Ne5 Nbd7 8. Nxd7 Nxd7 9. O-O c6 10. Re1 Bb4 11.
Bd2 O-O 12. a3 Bxc3 13. Bxc3 Qc7 14. h3 Rad8 15. Qe2 Nb6 16. Bb3 Nd5 17. Bd2 b5 18.
c3 Rfe8 19. Qf3 Bg6 20. h4 h6 21. Re5 Nb6 22. Rae1 Nd7 23. R5e2 Nf6 24. Re5 Nd7 25. R5e2 Nf6 26. Bf4 Qc8 27. Re5 Nd7 28. R5e2 Nf6 29.
Qh3 Bf5 30. Qh2 c5 31. dxc5 Qxc5 32. Be3 Qc6 33. Bxa7 Ne4 34. Qe5 Nd2 35. Bd4 Rxd4 36. cxd4 Nxb3 37. d5 Qd7 38. dxe6 Bxe6 39. Re3 Nd4 40. Rd3 Nc6 41. Qxb5 Nd4 42. Qe5 Nc6 43. Qb5 Qc8 44. Rc3 Bd7 45. Rec1 Re6 46. b4 Qe8 47. Qb7 Re1+ 48. Kh2 Qe5+ 49. g3 Rxc1 50. Rxc1 Be8 51. Rxc6 Bxc6 52. Qxc6 Qb2 53. Qa8+ Kh7 54. Qf3 f6 55. Kg2 g6 56. Qb7+ Kg8 57. a4 h5 58.
a5 g5 59. hxg5 fxg5 60. a6 h4 61. a7 h3+ 62. Kxh3 g4+ 63. Kg2 1-0

[Event "Early-Titled-Tuesday-Blitz-March-26-2024"]
[Site "Chess.com"]
[Date "2024.03.26"]
[Round "10"]
[White "Iskusnyh"]
[Black "Masterbeaterr"]
[Result "1-0"]
[WhiteElo "2623"]
[BlackElo "2449"]
[TimeControl "180+1"]
[EndTime "9:53:33 PDT"]
[Termination "Iskusnyh won by resignation"]

1. d4 d5 2. c4 dxc4 3. e3 Nf6 4.
Bxc4 e6 5. Nf3 c5 6. O-O Nc6 7. a3 cxd4 8. exd4 Be7 9. Nc3 O-O 10. Qd3 Na5 11. Ba2 b6 12. Rd1 Bb7 13. Ne5 Nd5 14. Qh3 Rc8 15. Bd2 Nxc3 16. bxc3 Bd5 17. Bb1 f5 18.
Bd3 Bf6 19. Ba6 Rc7 20. Bf4 Re7 21. c4 Ba8 22. Rac1 g5 23. Bd2 Rg7 24. Bb4 Be7 25.
d5 exd5 26. cxd5 Bd6 27. Nc6 Qd7 28. Bb5 g4 29. Qd3 Bxb4 30. axb4 Nxc6 31. dxc6 Qxd3 32.
Bxd3 Rc7 33. b5 a6 34. bxa6 Rxc6 35. Rxc6 Bxc6 36. Rb1 Rd8 37. Bxf5 b5 38. Bxg4 Rd2 39. Ra1 Kf7 40. Bf3 Bxf3 41. gxf3 Rd8 42. Kf1 Ra8 43. Ke2 Ke6 44. Kd3 Kd5 45. f4 Kc5 46. f5 b4 47.
f6 Kb5 48. a7 Rd8+ 49. Kc2 Ra8 50. f7 1-0

[Event "Early-Titled-Tuesday-Blitz-March-26-2024"]
[Site "Chess.com"]
[Date "2024.03.26"]
[Round "10"]
[White "arnash_bauyrzhan"]
[Black "ragnaroek66"]
[Result "0-1"]
[WhiteElo "2366"]
[BlackElo "2507"]
[TimeControl "180+1"]
[EndTime "9:53:33 PDT"]
[Termination "ragnaroek66 won on time"]

1. e4 c5 2. Nf3 Nc6 3. Bb5 e6 4. O-O Nge7 5. c3 d5 6. exd5 Qxd5 7. d4 cxd4 8. Nxd4 Bd7 9. Nxc6 Qxb5 10. Nd4 Qa5 11.
Nd2 Ng6 12. N2b3 Qc7 13. a4 a6 14. Qh5 Bd6 15. h3 O-O 16. Qa5 b6 17. Qh5 f5 18.
Qf3 Kh8 19. a5 b5 20. Be3 e5 21.
Nc2 e4 22. Qh5 f4 23. Bb6 Qc4 24. Rad1 Rf5 25. Qg4 Ne5 26. Rxd6 Nxg4 27. hxg4 Rf7 28. Nc5 Bxg4 29. Rd4 Qa2 30. Nxe4 h6 31. Nd6 Rf6 32. Nb4 Qg8 33. Re1 Be6 34. Nc6 f3 35. Ne7 Qf8 36. Nd5 fxg2 37. Nxf6 Qxf6 38. Ne4 Qg6 39. Ng3 Bh3 40. Kh2 Bg4 0-1

[Event "Early-Titled-Tuesday-Blitz-March-26-2024"]
[Site "Chess.com"]
[Date "2024.03.26"]
[Round "10"]
[White "sokidze"]
[Black "DrVelja"]
[Result "0-1"]
[WhiteElo "2791"]
[BlackElo "2996"]
[TimeControl "180+1"]
[EndTime "9:53:35 PDT"]
[Termination "DrVelja won by resignation"]

1. d4 Nf6 2. g3 g6 3. Bg2 Bg7 4. e4 d6 5. Nc3 O-O 6. Nge2 Nbd7 7. O-O e5 8. h3 exd4 9. Nxd4 Re8 10. a4 Nc5 11. Re1 c6 12. a5 Qc7 13. Bf4 Nh5 14. Be3 Bd7 15. g4 Nf6 16. f3 d5 17.
b4 Na6 18. Rb1 dxe4 19. Nxe4 Nxe4 20. fxe4 Rad8 21. Qf3 Bxg4 22. hxg4 Bxd4 23. Bxd4 Rxd4 24. c3 Rd2 25. Qe3 Red8 26. e5 Qe7 27. e6 Nc7 28.
exf7+ Qxf7 29. Rf1 Qa2 30. Qf3 Nd5 31. Ra1 Rxg2+ 32.
Qxg2 Qxg2+ 33. Kxg2 Ne3+ 34. Kg1 Nxf1 35. Rxf1 Rd3 36. Rc1 Rg3+ 37. Kf2 Rxg4 38. Rd1 Rf4+ 39. Ke3 Rf7 40. Rd6 a6 41. c4 Kg7 42. b5 cxb5 43. cxb5 axb5 44. Rb6 h5 45. Rxb5 Kh6 0-1